 Dungeon Crawl Stone Soup version 0.27-a0-1137-g3ef0f4ec91 (webtiles) character file.

Game seed: 11775250600171851694

499 cnkne the Digger (level 7, -6/36 HPs)
             Began as a Gargoyle Earth Elementalist on May 6, 2021.
             Mangled by an ice beast (10 damage)
             ... on level 5 of the Dungeon.
             The game lasted 00:08:48 (5229 turns).

cnkne the Digger (Gargoyle Earth Elementalist)      Turns: 5229, Time: 00:08:49

Health: -6/36      AC:  8    Str: 12    XL:     7   Next: 16%
Magic:  1/13       EV: 11    Int: 17    God:
Gold:   219        SH:  0    Dex: 10    Spells: 5/14 levels left

rFire    . . .     SeeInvis .   m - +1 dagger (venom)
rCold    . . .     Faith    .   (no shield)
rNeg     + . .     Spirit   .   c - +0 robe
rPois    ∞         Reflect  .   (no helmet)
rElec    +         Harm     .   k - +1 cloak
rCorr    .         Rampage  .   (no gloves)
Will     .....                  (no boots)
Stlth    ++........             (no amulet)
HPRegen  0.12/turn              (no ring)
MPRegen  0.13/turn              (no ring)

@: unable to read
A: sickness immunity, AC +4, negative energy resistance 1, electricity
resistance, torment resistance 1, unbreathing 1, petrification resistance,
inability to read while threatened
a: no special abilities


You were on level 5 of the Dungeon.
You visited 1 branch of the dungeon, and saw 5 of its levels.

You collected 232 gold pieces.
You spent 13 gold pieces at shops.

Inventory:

Hand Weapons
 g - a +1 flail of freezing
 m - a +1 dagger of venom (weapon)
Missiles
 b - 114 stones
 j - a throwing net
Armour
 c - a +0 robe (worn)
 k - a +1 cloak (worn)
Wands
 n - a wand of acid (6)
Scrolls
 a - 2 scrolls of magic mapping
 f - 2 scrolls of enchant weapon
 o - a scroll of teleportation
Potions
 d - a potion of attraction
 e - a potion of magic
 h - 2 potions of flight
 i - a potion of resistance
 p - a potion of lignification {unknown}
 q - a potion of might {unknown}


   Skills:
 - Level 1.5 Dodging
 - Level 2.1 Stealth
 + Level 4.4 Spellcasting
 + Level 3.9 Conjurations
 - Level 0.7 Transmutations
 + Level 6.4 Earth Magic


You had 5 spell levels left.
You knew the following spells:

 Your Spells              Type           Power      Damage    Failure   Level
a - Sandblast             Erth           50%        2d12      1%          1
b - Stone Arrow           Conj/Erth      42%        3d9       5%          3
c - Lee's Rapid Deconstr  Erth           12%        3d10*     30%         5

Your spell library contained the following spells:

 Spells                   Type           Power      Damage    Failure   Level
 Passwall                 Tmut/Erth      12%        N/A       5%          2
 Petrify                  Tmut/Erth      15%        N/A       34%         4


Dungeon Overview and Level Annotations

Branches:
Dungeon (5/15)
 Temple: D:4-7

Altars:
Makhleb
Ru
The Shining One

Shops:
D:1 !   D:3 [


Innate Abilities, Weirdness & Mutations

You are immune to sickness and miasma.
Your stone body is resilient. (AC +4)
You are immune to poison.
You resist negative energy. (rN+)
You are resistant to electric shocks. (rElec)
You are resistant to unholy torment.
You can survive without breathing.
You are immune to petrification.
You sometimes lose the ability to read scrolls when taking damage.


Message History

Aim: an ice beast (81% to hit)
The blast of sand misses the ice beast.
The blast of sand hits the orc!
You kill the orc!
The ice beast hits you but does no damage.
Unknown command.
Casting: Sandblast (safe; 1% risk of failure)
Confirm with . or Enter, or press ? or * to list all spells.
Aiming: Sandblast (safe; 1% risk of failure)
Press: ? - help, Shift-Dir - straight line, f/p - ice beast
Aim: an ice beast (81% to hit)
The blast of sand hits the ice beast!
The ice beast is moderately wounded.
The ice beast hits you but does no damage.
Unknown command.
Casting: Sandblast (safe; 1% risk of failure)
Confirm with . or Enter, or press ? or * to list all spells.
Aiming: Sandblast (safe; 1% risk of failure)
Press: ? - help, Shift-Dir - straight line, f/p - ice beast
Aim: an ice beast (moderately wounded, 81% to hit)
The blast of sand hits the ice beast but does no damage.
The ice beast is moderately wounded.
The ice beast hits you but does no damage.
Unknown command.
You hit the ice beast but do no damage.
The ice beast is moderately wounded.
The ice beast completely misses you.
You hit the ice beast.
The ice beast is moderately wounded.
The ice beast closely misses you.
You barely miss the ice beast.
The ice beast is moderately wounded.
The ice beast hits you. The ice beast freezes you!
You feel threatened and lose the ability to read scrolls!
* * * LOW HITPOINT WARNING * * *
You barely miss the ice beast.
The ice beast is moderately wounded.
The ice beast hits you.
* * * LOW HITPOINT WARNING * * *
The ice beast freezes you!
You die...

. #..#.# #.## #... #..# ##.##
...... ######..# ......
#....##.## ...... ...
#....##..# ......# ...
#....###.##... ..# ..
#.######..#.###.## ..
#.).Y@...........# #.
#.#######........# .#. #.
#.......##.......#
.....#.#####........#.......#
...!)..)......####..#..###+##
).............# #..#..#
..##.#.######.####.....###..
# #..........##...........
#####.#######.......#..#


You could see an ice beast.

Vanquished Creatures
  A scorpion (D:4)
  2 centaur zombies (D:5)
  An orc priest (D:5)
  Crazy Yiuf (D:2)
  3 iguanas
  A hound skeleton (D:4)
  A howler monkey skeleton (D:4)
  4 gnolls (D:2)
  8 adders
  2 adder skeletons (D:4)
  2 worms (D:2)
  A dart slug (D:1)
  8 orcs
  10 ball pythons
  5 bats
  6 endoplasms
  5 giant cockroaches
  6 goblins
  7 hobgoblins
  6 jackals
  2 quokkas
  7 frilled lizards
  9 kobolds
98 creatures vanquished.

Notes
Turn   | Place    | Note
-------+----------+-------------------------------------------
     0 | D:1      | cnkne the Gargoyle Earth Elementalist began the quest for
                  | the Orb.
     0 | D:1      | Reached XP level 1. HP: 10/10 MP: 3/3
    55 | D:1      | Found Cuemonle's Distillery.
    88 | D:1      | Bought a potion of degeneration for 13 gold pieces
   112 | D:1      | Reached XP level 2. HP: 15/15 MP: 5/5
   113 | D:1      | Reached skill level 4 in Earth Magic
   759 | D:1      | Reached XP level 3. HP: 9/19 MP: 3/6
   914 | D:1      | Learned a level 3 spell: Stone Arrow
  1193 | D:2      | Gained mutation: You sometimes lose the ability to read
                  | scrolls when taking damage. [potion of mutation]
  1343 | D:2      | Reached skill level 1 in Conjurations
  1401 | D:2      | Found a faded altar of an unknown god.
  1405 | D:2      | Reached XP level 4. HP: 24/24 MP: 8/8
  1480 | D:2      | HP: 1/24 [gnoll/+0 flail (13)]
  1744 | D:2      | Reached skill level 5 in Earth Magic
  2106 | D:2      | Found a runed translucent door.
  2107 | D:2      | Noticed Crazy Yiuf
  2113 | D:2      | Killed Crazy Yiuf
  2114 | D:2      | Reached XP level 5. HP: 9/28 MP: 3/10
  2627 | D:3      | Found a glowing golden altar of the Shining One.
  2644 | D:3      | Found Fehoc's Armour Boutique.
  2735 | D:3      | Learned a level 5 spell: Lee's Rapid Deconstruction
  2965 | D:3      | Found a burning altar of Makhleb.
  3883 | D:4      | Reached XP level 6. HP: 25/32 MP: 9/11
  4526 | D:4      | Reached skill level 6 in Earth Magic
  4756 | D:5      | Entered Level 5 of the Dungeon
  4762 | D:5      | Found a sacrificial altar of Ru.
  5079 | D:5      | Reached XP level 7. HP: 36/36 MP: 8/13
  5229 | D:5      | Mangled by an ice beast

Illustrated notes

Levels and vault maps discovered:
D:1:      minmay_arrival_checkered_box, layout_rooms, serial_shops, shop,
          minmay_three_crescents
D:2:      layout_basic, ebering_ecumenical_altar_petrified, hex_intersection,
          hangedman_abyss_or_decor_stabs, minmay_tetromino_o4,
          uniq_crazy_yiuf_cottage
D:3:      layout_loops_cross, amcnicky_altar_gilded, marbit_many_paths,
          serial_shops, shop, hex_tiny, grunt_ministairs_14,
          kennysheep_pointless_box
D:4:      minmay_recursive_quarters, layout_basic
D:5:      layout_basic, nicolae_overflow_crystal_walls

Skill      XL: |  1  2  3  4  5  6 |
---------------+-------------------+-----
Earth Magic    | 4 5 6 |  6.4
Conjurations   | 1 2 3 |  3.9
Spellcasting   | 3 4 |  4.4
Dodging        | |  1.5
Stealth        | |  2.1
Transmutations | |  0.7

Action                   |  1- 3 |  4- 6 |  7- 9 || total
-------------------------+-------+-------+-------++-------
Melee: Dagger            |    82 |   208 |    19 ||   309
 Cast: Sandblast         |    12 |    28 |     7 ||    47
       Stone Arrow       |       |     2 |       ||     2
       Lee's Rapid Decon |       |       |     1 ||     1
  Use: Scroll            |     5 |     9 |       ||    14
       Potion            |     1 |     1 |       ||     2
 Stab: Sleeping          |     2 |     4 |       ||     6
Armor: Robe              |    30 |    98 |    19 ||   147
Dodge: Dodged            |    55 |   113 |    15 ||   183

Table legend: (Time is in decaauts)
 A = Elapsed time spent in this place.
 B = Non-inter-level travel time spent in this place.
 C = Inter-level travel time spent in this place.
 D = Time resting spent in this place.
 E = Time spent auto-exploring this place.
 F = Levels seen in this place.
 G = Mean time per level.
                   A        B        C        D        E       F      G
               +--------+--------+--------+--------+--------+-----+--------+
         Total |   5230 |   5103 |    127 |    929 |   3257 |   5 | 1046.0 |
       Dungeon |   5230 |   5103 |    127 |    929 |   3257 |   5 | 1046.0 |
               +--------+--------+--------+--------+--------+-----+--------+

Top non-repeatable levels by time:
     D:4: 1364 daAuts
     D:1: 1150 daAuts
     D:2: 1141 daAuts
     D:3: 1101 daAuts
     D:5: 472 daAuts
